BSA
NEW YORK KNIGHTS @ KALAMAZOO ROYALE WITH CHEESE
09/11/2030
 
TOP OF THE 1ST
New York Knights batting - Pitching for Kalamazoo Royale with Cheese : LHP Jason Simpson
Pitching: LHP Jason Simpson
Batting: RHB Jackson Gibson 0-0: Foul Ball, location: 2F
0-1: Ball
1-1: Called Strike
1-2: Foul Ball, location: 2F
1-2: Strikes out swinging
Batting: RHB Robert Downing 0-0: Ball
1-0: Ball
2-0: Foul Ball, location: 2F
2-1: Called Strike
2-2: Foul Ball, location: 2F
2-2: Strikes out looking
Batting: LHB Willie Wallace 0-0: Fly out, F7 (Flyball, 7S)
Top of the 1st over - 0 runs, 0 hits, 0 errors, 0 left on base; New York 0 - Kalamazoo 0
BOTTOM OF THE 1ST
Kalamazoo Royale with Cheese batting - Pitching for New York Knights : LHP Raúl Fernández
Pitching: LHP Raúl Fernández
Batting: RHB Millard Boyd 0-0: Called Strike
0-1: Foul Ball, location: 2F
0-2: Foul Ball, location: 2F
0-2: Ball
1-2: Ball
2-2: Ground out 3-1 (Groundball, 34)
Batting: RHB Zander Tremblett 0-0: Ball
1-0: Ball
2-0: Called Strike
2-1: Ball
3-1: Foul Ball, location: 2F
3-2: SINGLE (Flyball, 78S)
Batting: SHB Caden Keith 0-0: Foul Ball, location: 2F
0-1: Ball
1-1: Called Strike
1-2: Fielders Choice at 2nd, 5-4 (Groundball, 5L)
Batting: LHB Gene Cooper 0-0: Called Strike
Caden Keith steals 2nd base
0-1: Fly out, F8 (Flyball, 89XD)
Bottom of the 1st over - 0 runs, 1 hit, 0 errors, 1 left on base; New York 0 - Kalamazoo 0
TOP OF THE 2ND
New York Knights batting - Pitching for Kalamazoo Royale with Cheese : LHP Jason Simpson
Batting: SHB Mark Wells 0-0: Called Strike
0-1: Called Strike
0-2: Strikes out looking
Batting: RHB Alberto Hernández 0-0: Swinging Strike
0-1: Ball
1-1: Ball
2-1: Foul Ball, location: 2F
2-2: Ball
3-2: SINGLE (Line Drive, 34)
Batting: RHB Gerald Miller 0-0: Called Strike
0-1: Foul Ball, location: 2F
0-2: Ball
1-2: Foul Ball, location: 2F
1-2: Foul Ball, location: 2F
1-2: Strikes out swinging
Batting: RHB Yasuhiko Sumita 0-0: Ball
1-0: Swinging Strike
1-1: Ball
2-1: Foul Ball, location: 2F
2-2: Foul Ball, location: 2F
2-2: Ball
3-2: Base on Balls
Alberto Hernández to second
Batting: RHB Jason Blair 0-0: Called Strike
0-1: Swinging Strike
0-2: Foul Ball, location: 2F
0-2: Ball
Wild Pitch!
Alberto Hernández to third
Yasuhiko Sumita to second
1-2: Foul Ball, location: 2F
1-2: Foul Ball, location: 2F
1-2: Foul Ball, location: 2F
1-2: Foul Ball, location: 2F
1-2: Strikes out swinging
Top of the 2nd over - 0 runs, 1 hit, 0 errors, 2 left on base; New York 0 - Kalamazoo 0
BOTTOM OF THE 2ND
Kalamazoo Royale with Cheese batting - Pitching for New York Knights : LHP Raúl Fernández
Batting: RHB Chris Parker 0-0: Ball
1-0: Ball
2-0: Swinging Strike
2-1: Foul Ball, location: 2F
2-2: Ball
3-2: Foul Ball, location: 2F
3-2: Ground out 5-3 (Groundball, 56)
Batting: RHB Eugene Gill 0-0: Foul Ball, location: 2F
0-1: Ball
1-1: Ball
2-1: SINGLE (Line Drive, 6MD)
Batting: RHB Marlon Phipps 0-0: Ball
1-0: Swinging Strike
1-1: Ball
2-1: Ball
3-1: Base on Balls
Eugene Gill to second
Batting: RHB Eichiro Yamamoto 0-0: Called Strike
0-1: Ball
1-1: Fly out, F1 (Line Drive, 13)
Batting: RHB Dan Tyler 0-0: Called Strike
0-1: Fielders Choice at 2nd, 6-4 (Groundball, 6)
Bottom of the 2nd over - 0 runs, 1 hit, 0 errors, 2 left on base; New York 0 - Kalamazoo 0
TOP OF THE 3RD
New York Knights batting - Pitching for Kalamazoo Royale with Cheese : LHP Jason Simpson
Batting: LHB Doug Thompson 0-0: Ball
1-0: Ball
2-0: Foul Ball, location: 2F
2-1: Ball
3-1: Ground out 6-3 (Groundball, 56)
Batting: RHB Jackson Gibson 0-0: Ball
1-0: Ball
2-0: Ground out 5-3 (Groundball, 56)
Batting: RHB Robert Downing 0-0: Called Strike
0-1: Ball
1-1: Ball
2-1: Swinging Strike
2-2: SINGLE (Line Drive, 56D)
Batting: LHB Willie Wallace 0-0: Called Strike
0-1: Called Strike
0-2: Ball
1-2: Strikes out swinging
Top of the 3rd over - 0 runs, 1 hit, 0 errors, 1 left on base; New York 0 - Kalamazoo 0
BOTTOM OF THE 3RD
Kalamazoo Royale with Cheese batting - Pitching for New York Knights : LHP Raúl Fernández
Batting: RHB Millard Boyd 0-0: Ball
1-0: Ball
2-0: Foul Ball, location: 2F
2-1: Ball
3-1: Swinging Strike
3-2: Fly out, F8 (Flyball, 89S)
Batting: RHB Zander Tremblett 0-0: Called Strike
0-1: Ball
1-1: Ball
2-1: Called Strike
2-2: Ground out 6-3 (Groundball, 6)
Batting: SHB Caden Keith 0-0: Ball
1-0: Foul Ball, location: 2F
1-1: Ground out U3 (Groundball, 3)
Bottom of the 3rd over - 0 runs, 0 hits, 0 errors, 0 left on base; New York 0 - Kalamazoo 0
TOP OF THE 4TH
New York Knights batting - Pitching for Kalamazoo Royale with Cheese : LHP Jason Simpson
Batting: SHB Mark Wells 0-0: Ball
1-0: Ball
2-0: Called Strike
2-1: Foul Ball, location: 2F
2-2: Ball
3-2: Foul Ball, location: 2F
3-2: SINGLE (Groundball, 6MD)
Batting: RHB Alberto Hernández 0-0: Ball
1-0: Swinging Strike
1-1: Called Strike
1-2: Strikes out swinging
Batting: RHB Gerald Miller 0-0: Ball
1-0: Ball
Mark Wells is caught stealing 2nd base
2-0: Ground out 4-3 (Groundball, 4D)
Top of the 4th over - 0 runs, 1 hit, 0 errors, 0 left on base; New York 0 - Kalamazoo 0
BOTTOM OF THE 4TH
Kalamazoo Royale with Cheese batting - Pitching for New York Knights : LHP Raúl Fernández
Batting: LHB Gene Cooper 0-0: Ball
1-0: Ground out 5-3 (Groundball, 5D)
Batting: RHB Chris Parker 0-0: Ground out 4-3 (Groundball, 4)
Batting: RHB Eugene Gill 0-0: Ball
1-0: Ball
2-0: Foul Ball, location: 2F
2-1: Ball
3-1: Base on Balls
Batting: RHB Marlon Phipps 0-0: Ball
1-0: Swinging Strike
1-1: Ball
2-1: Foul Ball, location: 2F
2-2: Ball
3-2: Base on Balls
Eugene Gill to second
Batting: RHB Eichiro Yamamoto 0-0: Ground out 4-3 (Groundball, 4M)
Bottom of the 4th over - 0 runs, 0 hits, 0 errors, 2 left on base; New York 0 - Kalamazoo 0
TOP OF THE 5TH
New York Knights batting - Pitching for Kalamazoo Royale with Cheese : LHP Jason Simpson
Batting: RHB Yasuhiko Sumita 0-0: Ball
1-0: Ball
2-0: Ball
3-0: Base on Balls
Batting: RHB Jason Blair 0-0: Foul Ball, location: 2F
0-1: Ball
1-1: Swinging Strike
1-2: Foul Ball, location: 2F
1-2: Ball
2-2: Ball
3-2: Strikes out looking
Batting: LHB Doug Thompson 0-0: Called Strike
0-1: Ball
1-1: Called Strike
1-2: Fielders Choice at 2nd, 1-4 (Groundball, 15S)
Batting: RHB Jackson Gibson 0-0: Called Strike
0-1: Foul Ball, location: 2F
0-2: Ball
1-2: Foul Ball, location: 2F
1-2: SINGLE (Line Drive, 9LS)
Doug Thompson to second
Runner from 2nd tries for 3rd, SAFE, no throw
Batting: RHB Robert Downing 0-0: Called Strike
0-1: Ball
1-1: Fly out, F7 (Flyball, 7)
Top of the 5th over - 0 runs, 1 hit, 0 errors, 2 left on base; New York 0 - Kalamazoo 0
BOTTOM OF THE 5TH
Kalamazoo Royale with Cheese batting - Pitching for New York Knights : LHP Raúl Fernández
Batting: RHB Dan Tyler 0-0: Ground out 3-1 (Groundball, 34)
Batting: RHB Millard Boyd 0-0: Swinging Strike
0-1: Foul Ball, location: 2F
0-2: Ball
1-2: Ball
2-2: Ball
3-2: Base on Balls
Batting: RHB Zander Tremblett 0-0: Called Strike
0-1: Ball
1-1: Foul Ball, location: 2F
1-2: Strikes out looking
Batting: SHB Caden Keith 0-0: Called Strike
Millard Boyd steals 2nd base
0-1: Ball
1-1: Ball
2-1: Fly out, F8 (Flyball, 8RS)
Bottom of the 5th over - 0 runs, 0 hits, 0 errors, 1 left on base; New York 0 - Kalamazoo 0
TOP OF THE 6TH
New York Knights batting - Pitching for Kalamazoo Royale with Cheese : LHP Jason Simpson
Pitching: RHP Armen Boyajian
Batting: LHB Willie Wallace 0-0: Ball
1-0: Ball
2-0: SOLO HOME RUN (Flyball, 89XD), Distance : 423 ft
Batting: SHB Mark Wells 0-0: Ball
1-0: Ball
2-0: Called Strike
2-1: Ball
3-1: Base on Balls
Batting: RHB Alberto Hernández 0-0: Ball
1-0: Fly out, F9 (Flyball, 9)
Batting: RHB Gerald Miller 0-0: Ball
1-0: Ball
2-0: Called Strike
2-1: Ball
3-1: SINGLE (Groundball, 6MD)
Mark Wells to second
Batting: RHB Yasuhiko Sumita 0-0: Ball
Mark Wells steals 3rd base
Gerald Miller to second
1-0: Ball
2-0: Ball
3-0: Base on Balls
Batting: RHB Jason Blair 0-0: Swinging Strike
0-1: Ball
1-1: Ball
2-1: Called Strike
2-2: Strikes out swinging
Batting: LHB Doug Thompson 0-0: Ground out 5-3 (Groundball, 2L)
Top of the 6th over - 1 run, 2 hits, 0 errors, 3 left on base; New York 1 - Kalamazoo 0
BOTTOM OF THE 6TH
Kalamazoo Royale with Cheese batting - Pitching for New York Knights : LHP Raúl Fernández
Batting: LHB Gene Cooper 0-0: Called Strike
0-1: Swinging Strike
0-2: Foul Ball, location: 2F
0-2: Ball
1-2: SINGLE (Groundball, 34S) (infield hit)
Batting: RHB Chris Parker 0-0: Ball
1-0: DOUBLE (Line Drive, 89D)
Gene Cooper to third
Batting: RHB Eugene Gill 0-0: Called Strike
0-1: Swinging Strike
0-2: Ball
1-2: Fly out, F8 (Flyball, 8RM)
Runner from 3rd tags up, SCORES, throw made
Batting: RHB Marlon Phipps 0-0: Ball
1-0: Ground out 6-3 (Groundball, 6M)
Chris Parker to third
Batting: RHB Eichiro Yamamoto 0-0: Ball
1-0: Foul Ball, location: 2F
1-1: Swinging Strike
1-2: Ball
2-2: Foul Ball, location: 2F
2-2: SINGLE (Line Drive, 6MD)
Chris Parker scores
Pitching: RHP José Gómez
Batting: RHB Dan Tyler 0-0: Swinging Strike
0-1: Ball
1-1: Foul Ball, location: 2F
1-2: Ball
2-2: Foul Ball, location: 2F
2-2: Ball
3-2: Foul Ball, location: 2F
3-2: Base on Balls
Eichiro Yamamoto to second
Batting: RHB Millard Boyd 0-0: Ball
1-0: Ball
2-0: Called Strike
2-1: Fly out, F8 (Flyball, 8LD)
Bottom of the 6th over - 2 runs, 3 hits, 0 errors, 2 left on base; New York 1 - Kalamazoo 2
TOP OF THE 7TH
New York Knights batting - Pitching for Kalamazoo Royale with Cheese : RHP Armen Boyajian
Batting: RHB Jackson Gibson 0-0: Ball
1-0: Ball
2-0: Ball
3-0: Called Strike
3-1: Called Strike
3-2: Strikes out swinging
Batting: RHB Robert Downing 0-0: Ground out 5-3 (Groundball, 5)
Pitching: LHP Carlos Thomas
Batting: LHB Willie Wallace 0-0: Ball
1-0: Swinging Strike
1-1: Ball
2-1: Swinging Strike
2-2: Strikes out looking
Top of the 7th over - 0 runs, 0 hits, 0 errors, 0 left on base; New York 1 - Kalamazoo 2
BOTTOM OF THE 7TH
Kalamazoo Royale with Cheese batting - Pitching for New York Knights : RHP José Gómez
Batting: RHB Zander Tremblett 0-0: Called Strike
0-1: Ball
1-1: Ground out U3 (Groundball, 34)
Batting: SHB Caden Keith 0-0: Ball
1-0: Foul Ball, location: 2F
1-1: Swinging Strike
1-2: Ball
2-2: Ground out 4-3 (Groundball, 4)
Batting: LHB Gene Cooper 0-0: Ball
1-0: Called Strike
1-1: Called Strike
1-2: Foul Ball, location: 2F
1-2: Ball
2-2: Foul Ball, location: 2F
2-2: SOLO HOME RUN (Flyball, 9LD), Distance : 360 ft
Batting: RHB Chris Parker 0-0: Called Strike
0-1: Called Strike
0-2: Ball
1-2: TRIPLE (Line Drive, 8LXD)
Batting: RHB Eugene Gill 0-0: Swinging Strike
0-1: 2-RUN HOME RUN (Flyball, 7LD), Distance : 450 ft
Pitching: LHP Henny van der Lack
Batting: RHB Marlon Phipps 0-0: Ball
1-0: Foul Ball, location: 2F
1-1: Ball
2-1: Ball
3-1: Foul Ball, location: 2F
3-2: Base on Balls
Batting: RHB Eichiro Yamamoto 0-0: Called Strike
0-1: Ground out 6-3 (Groundball, 6M)
Bottom of the 7th over - 3 runs, 3 hits, 0 errors, 1 left on base; New York 1 - Kalamazoo 5
TOP OF THE 8TH
New York Knights batting - Pitching for Kalamazoo Royale with Cheese : LHP Carlos Thomas
Pitching: RHP Josh Graham
Batting: SHB Mark Wells 0-0: Swinging Strike
0-1: Ball
1-1: Ball
2-1: Called Strike
2-2: SOLO HOME RUN (Flyball, 9LD), Distance : 358 ft
Batting: RHB Alberto Hernández 0-0: Ball
1-0: Ball
2-0: Called Strike
2-1: Foul Ball, location: 2F
2-2: Foul Ball, location: 2F
2-2: Ball
3-2: Fly out, F8 (Line Drive, 8LS)
Batting: RHB Gerald Miller 0-0: SINGLE (Groundball, 4MD)
Batting: RHB Yasuhiko Sumita 0-0: Ball
1-0: SINGLE (Flyball, 8RS)
Gerald Miller to second
Batting: RHB Jason Blair 0-0: Called Strike
0-1: Ball
1-1: Called Strike
1-2: Ball
2-2: Ball
3-2: Base on Balls
Gerald Miller to third
Yasuhiko Sumita to second
Pitching: RHP António Ojeda
Batting: LHB Doug Thompson 0-0: Ball
1-0: Called Strike
1-1: DOUBLE (Line Drive, 9LM)
Gerald Miller scores
Yasuhiko Sumita scores
Jason Blair to third
Runner from 3rd tries for Home, SAFE, no throw
Batting: RHB Jackson Gibson 0-0: Intentional Walk
Batting: RHB Robert Downing 0-0: Ball
1-0: Foul Ball, location: 2F
1-1: Ball
2-1: Called Strike
2-2: Ball
3-2: Foul Ball, location: 2F
3-2: Base on Balls
Doug Thompson to third
Jackson Gibson to second
Batting: LHB Willie Wallace 0-0: Swinging Strike
0-1: Ball
1-1: Called Strike
1-2: Ball
2-2: Ball
3-2: Fly out, F8 (Flyball, 89XD)
Runner from 3rd tags up, SCORES, no throw
Batting: SHB Mark Wells 0-0: Ball
1-0: Called Strike
1-1: Ball
2-1: Ball
3-1: Swinging Strike
3-2: Base on Balls
Jackson Gibson to third
Robert Downing to second
Pinch Hitting: LHB Bill McCraney 0-0: Ball
Wild Pitch!
Jackson Gibson scores
Robert Downing to third
Mark Wells to second
1-0: Swinging Strike
1-1: Ball
2-1: Foul Ball, location: 2F
2-2: Ball
3-2: Strikes out looking
Top of the 8th over - 6 runs, 4 hits, 0 errors, 2 left on base; New York 7 - Kalamazoo 5
BOTTOM OF THE 8TH
Kalamazoo Royale with Cheese batting - Pitching for New York Knights : LHP Henny van der Lack
Now in CF: Nicholas Alston
Batting: RHB Dan Tyler 0-0: Fly out, F9 (Flyball, 9LM)
Batting: RHB Millard Boyd 0-0: Ball
1-0: Foul Ball, location: 2F
1-1: Ball
2-1: Swinging Strike
2-2: Ball
3-2: Fly out, F8 (Flyball, 8LD)
Batting: RHB Zander Tremblett 0-0: Foul Ball, location: 2F
0-1: Ball
1-1: Ball
2-1: DOUBLE (Flyball, 8RXD)
Batting: SHB Caden Keith 0-0: Ball
1-0: Ball
2-0: Ball
3-0: Base on Balls
Batting: LHB Gene Cooper 0-0: Foul Ball, location: 2F
0-1: Ball
1-1: Ball
2-1: Ball
3-1: DOUBLE (Line Drive, 89D)
Zander Tremblett scores
Caden Keith to third
Runner from 3rd tries for Home, SAFE, no throw
Pitching: RHP Steve Poe
Batting: RHB Chris Parker 0-0: Ball
1-0: Swinging Strike
1-1: Ball
2-1: Ball
3-1: Called Strike
3-2: Strikes out swinging
Bottom of the 8th over - 2 runs, 2 hits, 0 errors, 1 left on base; New York 7 - Kalamazoo 7
TOP OF THE 9TH
New York Knights batting - Pitching for Kalamazoo Royale with Cheese : RHP António Ojeda
Pitching: RHP Víctor Reyes
Batting: RHB Gerald Miller 0-0: Fly out, F8 (Flyball, 89M)
Pinch Hitting: LHB Bob Campbell 0-0: Called Strike
0-1: Swinging Strike
0-2: Ball
1-2: Ball
2-2: Strikes out swinging
Batting: RHB Jason Blair 0-0: Ball
1-0: Ground out 4-3 (Groundball, 4)
Top of the 9th over - 0 runs, 0 hits, 0 errors, 0 left on base; New York 7 - Kalamazoo 7
BOTTOM OF THE 9TH
Kalamazoo Royale with Cheese batting - Pitching for New York Knights : RHP Steve Poe
Now at C: Chris Young
Pinch Hitting: LHB Donovan Bird 0-0: SOLO HOME RUN (Line Drive, 9LD), Distance : 361 ft
Saturday, April 7th, 2018 - OOTP Baseball 18.8 Build 76